Map: [ESL] Alcyone

Players

HeroMarine

  • Race: Terran Terran
  • League: Grandmaster
  • Spawn Location: 7:00

ShoWTimE - Winner!

  • Race: Protoss Protoss
  • League: Master
  • Spawn Location: 1:00

Event: HomeStory Cup XXV

VOD

Have the link to the VOD?

Description

Time

  • Played on: June 23, 2024, 3:38 p.m.
  • Length: 16:25

All games in this series

Show
View Real Time Build Order
Export as new Build Order

HeroMarine Terran 

Build Orders: Cyclone Opening 

Get SALT Encoding   

  12  0:00  SCV  
  13  0:12  SCV  
  14  0:16  Supply Depot  
  14  0:24  SCV  
  15  0:38  SCV  
  15  0:40  Barracks  
  16  0:43  Refinery  
  16  0:50  SCV  
  16  0:52  Refinery  
  17  1:02  SCV  
  18  1:14  SCV  
  19  1:27  Orbital Command, Reaper  
  20  1:40  Factory  
  20  1:47  Supply Depot  
  20  1:52  SCV  
  21  1:59  Barracks Reactor  
  21  2:04  SCV  
  22  2:16  SCV, Command Center  
  23  2:24  Cyclone  
  23  2:28  SCV  
  26  2:37  Starport  
  26  2:41  SCV  
  26  2:42  Supply Depot  
  29  2:53  SCV  
  30  3:01  Widow Mine  
  30  3:05  SCV  
  31  3:07  Marine x2  
  33  3:14  Medivac  
  33  3:17  SCV  
  36  3:23  Widow Mine  
  38  3:29  Orbital Command, SCV, Marine x2  
  41  3:41  SCV  
  41  3:44  Starport Tech Lab, Factory Tech Lab  
  42  3:48  Marine  
  42  3:49  Marine  
  42  3:50  Barracks  
  42  3:52  Supply Depot  
  42  3:53  SCV  
  42  3:54  SCV  
  46  4:03  Siege Tank  
  46  4:06  Marine x2  
  46  4:08  Supply Depot  
  46  4:09  SCV  
  52  4:10  SCV  
  52  4:15  Raven  
  55  4:21  SCV  
  55  4:22  SCV  
  57  4:24  Marine x2  
  59  4:33  SCV  
  59  4:34  SCV  
  59  4:35  Siege Tank  
  62  4:40  Barracks  
  62  4:41  Supply Depot  
  62  4:43  Refinery  
  62  4:45  Marine  
  62  4:46  SCV x2, Marine  
  66  4:54  Stimpack  
  66  4:58  SCV x2, Marine, Engineering Bay  
  69  5:03  Marine  
  69  5:05  Marine  
  71  5:09  Refinery  
  71  5:10  SCV  
  71  5:11  SCV  
  73  5:14  Supply Depot  
  73  5:18  Marauder  
  73  5:19  Starport Reactor  
  74  5:22  SCV  
  74  5:23  SCV  
  74  5:24  Factory Reactor  
  74  5:26  Terran Infantry Weapons Level 1  
  76  5:28  Supply Depot  
  76  5:34  SCV  
  76  5:35  SCV  
  78  5:36  Combat Shield, Marine x2  
  78  5:41  Supply Depot  
  81  5:46  SCV  
  81  5:47  SCV, Marauder x2  
  86  5:51  Supply Depot  
  86  5:59  Marine x2, Medivac x2  
  86  6:01  Supply Depot  
  92  6:08  Marauder x2  
  96  6:11  Widow Mine  
  96  6:12  Widow Mine  
  96  6:14  Supply Depot  
  100  6:22  Marine x2  
  102  6:28  Supply Depot  
  102  6:29  Marauder  
  102  6:30  Marauder  
  106  6:41  Widow Mine x2, Medivac x2  
  106  6:46  Marine, Command Center  
  106  6:47  Marine  
  115  6:51  Marauder x2  
  120  6:55  Supply Depot, SCV x2  
  122  7:09  Marine x2  
  122  7:13  Marauder x2  
  128  7:21  Widow Mine x2, Medivac x2  
  136  7:23  SCV x2  
  136  7:25  Barracks  
  136  7:26  Barracks  
  136  7:27  Marine  
  129  7:30  Marine  
  129  7:34  Marauder x2  
  129  7:35  SCV  
  129  7:36  SCV  
  126  7:51  Marine x2  
  119  7:53  SCV x2  
  119  7:55  Marauder, Widow Mine x2, Medivac  
  119  7:56  Marauder  
  128  8:05  SCV  
  128  8:06  SCV  
  128  8:08  Medivac  
  128  8:10  Orbital Command  
  128  8:16  Widow Mine x2  
  128  8:18  Marauder  
  128  8:19  Barracks Tech Lab x2  
  130  8:23  Terran Infantry Armor Level 1  
  130  8:26  Marauder  
  128  8:32  Medivac  
  128  8:33  Marine x2  
  132  8:38  Medivac  
  132  8:39  Marauder x2  
  132  8:40  Marauder  
  140  8:46  Command Center  
  140  8:47  Supply Depot  
  140  8:57  Marauder  
  140  8:59  SCV x3, Refinery  
  140  9:00  Refinery  
  140  9:01  Marauder  
  137  9:11  SCV x3  
  137  9:15  Viking x2  
  137  9:16  Marine, Marauder x2  
  137  9:17  Marine  
  145  9:19  Marauder  
  145  9:22  Concussive Shells, Marauder  
  145  9:23  Armory  
  150  9:25  Engineering Bay  
  150  9:38  Marine, Marauder x2, Sensor Tower  
  154  9:39  Marine  
  154  9:40  Marauder  
  154  9:43  Marauder  
  160  9:52  Supply Depot  
  160  9:53  Viking  
  160  9:55  Viking  
  160  9:57  Marine  
  160  9:58  Marine  
  160  9:59  Marauder x2  
  170  10:02  Marauder  
  170  10:03  SCV x2  
  170  10:05  SCV, Marauder  
  177  10:11  Barracks  
  177  10:12  Barracks  
  177  10:15  SCV  
  177  10:17  SCV x2, Barracks  
  177  10:20  Marauder  
  182  10:23  Viking  
  182  10:25  Viking  
  186  10:29  SCV x2  
  186  10:35  Marauder  
  188  10:40  Supply Depot  
  188  10:41  Terran Infantry Armor Level 2, Terran Infantry Weapons Level 2  
  188  10:43  Terran Ship Weapons Level 1  
  188  10:44  Marauder x2  
  188  10:45  Planetary Fortress  
  190  10:57  Marine x2, Viking x2  
  192  11:00  Barracks Reactor  
  192  11:02  Marauder x2  
  200  11:04  Barracks Tech Lab  
  200  11:07  Ghost Academy  
  200  11:15  Marauder x2  
  177  11:21  Marine x3, Factory Reactor  
  177  11:22  Marine x2  
  177  11:23  Marauder x2  
  164  11:36  Marauder x2  
  164  11:39  Viking x2  
  155  11:41  Marauder  
  155  11:45  Marauder x2  
  155  11:46  Marine  
  155  11:47  Marine x2  
  157  11:50  Marine x3  
  157  11:51  Starport  
  162  11:57  Ghost x2  
  162  12:02  Marauder  
  162  12:06  Marauder  
  142  12:09  Marine x2, Marauder, Viking x2  
  142  12:10  Marine x3  
  142  12:11  Marine  
  142  12:15  Widow Mine x2  
  158  12:20  Missile Turret  
  158  12:24  Marauder  
  158  12:25  Ghost x2  
  158  12:27  Marine x2, Marauder  
  168  12:31  Marauder  
  168  12:33  Marine  
  168  12:36  Marine x2  
  168  12:37  Marine  
  173  12:39  Viking x2  
  178  12:45  Marine, Marauder, Viking x2  
  178  12:49  Marauder  
  187  12:53  Marauder  
  187  12:54  Marauder  
  188  12:58  SCV  
  188  12:59  Command Center  
  188  13:01  Ghost  
  188  13:05  Marine  
  192  13:07  Terran Infantry Weapons Level 3  
  192  13:09  Marauder  
  194  13:18  Marauder x2  
  198  13:22  Marauder  
  200  13:28  Missile Turret  
  200  13:31  Sensor Tower  
  200  13:35  Terran Ship Weapons Level 2  
  200  13:38  Marine  
  192  13:48  SCV x2  
  192  13:49  SCV x2  
  196  14:06  Marauder  
  196  14:07  SCV  
  196  14:08  Ghost  
  195  14:10  Marine x2  
  195  14:11  Marine, Ghost, Marauder x2  
  195  14:12  Marine  
  195  14:15  Marine  
  189  14:20  Marine  
  183  14:27  Marauder  
  183  14:28  Marine x2  
  183  14:29  Marine x2  
  179  14:32  Marauder x2  
  179  14:33  Marine  
  179  14:37  Marauder  
  186  14:38  Marine  
  186  14:40  Marauder  
  186  14:42  Refinery  
  186  14:43  SCV x2, Refinery  
  191  14:45  Marine  
  191  14:46  Marine  
  191  14:47  Marine x2  
  191  14:49  Marauder  
  191  14:51  Marine  
  198  14:54  Marauder  
  200  15:06  Ghost x2  
  200  15:14  Marauder  
  192  15:25  Marauder x2  
  176  15:35  Marauder x2  
  157  15:36  Marauder  
  134  15:44  Marine x4  
  134  15:45  Marine x2, Ghost  
  134  15:46  Ghost  
  134  15:47  Medivac x4  
  147  15:57  Marauder x2  
  140  15:58  Marauder  
  140  15:59  Factory Reactor  
  140  16:02  Marine x5  
  127  16:04  Marine  
Show
View Real Time Build Order
Export as new Build Order

ShoWTimE Protoss - Winner!

Build Orders: 1 Gate Expand, Blink Stalkers, Colossus Rush 

Get SALT Encoding   

  12  0:00  Probe  
  13  0:12  Probe  
  14  0:17  Pylon  
  14  0:24  Probe (Chrono Boost)  
  15  0:36  Probe (Chrono Boost)  
  15  0:37  Gateway  
  16  0:44  Probe (Chrono Boost)  
  16  0:45  Assimilator  
  17  0:51  Probe  
  18  1:03  Probe  
  19  1:15  Probe  
  20  1:23  Cybernetics Core  
  20  1:32  Nexus  
  20  1:34  Probe  
  21  1:40  Pylon  
  21  1:46  Probe  
  22  1:49  Assimilator  
  22  1:57  Adept (Chrono Boost)  
  22  1:58  Probe  
  22  2:00  Warp Gate  
  25  2:10  Probe  
  26  2:20  Stalker  
  28  2:23  Probe (Chrono Boost)  
  28  2:28  Shield Battery  
  29  2:35  Probe (Chrono Boost)  
  30  2:38  Twilight Council  
  30  2:41  Probe (Chrono Boost)  
  31  2:44  Probe (Chrono Boost)  
  33  2:53  Stalker, Probe (Chrono Boost)  
  33  2:54  Probe (Chrono Boost)  
  36  2:58  Probe (Chrono Boost)  
  36  3:01  Probe  
  38  3:06  Gateway  
  38  3:10  Probe  
  38  3:11  Blink (Chrono Boost)  
  39  3:13  Probe  
  40  3:22  Probe  
  40  3:25  Probe  
  42  3:27  Robotics Facility  
  42  3:31  Pylon  
  42  3:35  Probe  
  42  3:37  Probe  
  42  3:40  Gateway  
  44  3:44  Assimilator  
  44  3:47  Probe  
  45  3:50  Stalker  
  45  3:51  Probe  
  48  3:59  Pylon, Probe  
  48  4:01  Stalker  
  51  4:06  Probe  
  51  4:08  Assimilator  
  52  4:12  Probe  
  52  4:15  Observer  
  54  4:17  Stalker  
  54  4:20  Probe, Pylon  
  54  4:24  Probe  
  56  4:32  Probe  
  56  4:37  Probe  
  56  4:41  Stalker  
  56  4:42  Stalker  
  56  4:44  Probe  
  61  4:50  Robotics Bay  
  61  4:54  Pylon  
  61  4:55  Observer  
  62  5:02  Nexus  
  62  5:05  Probe x2  
  64  5:11  Immortal (Chrono Boost)  
  64  5:18  Pylon  
  64  5:19  Probe  
  64  5:20  Probe  
  70  5:23  Charge  
  70  5:31  Forge  
  70  5:32  Probe x2  
  72  5:40  Colossus (Chrono Boost)  
  72  5:45  Probe x2  
  72  5:48  Extended Thermal Lance  
  80  5:53  Gateway  
  80  5:57  Gateway  
  80  5:59  Probe  
  80  6:01  Probe  
  82  6:05  Pylon, Protoss Ground Weapons Level 1 (Chrono Boost)  
  82  6:11  Probe  
  82  6:12  Sentry  
  82  6:14  Probe x2  
  82  6:17  Zealot  
  89  6:20  Zealot  
  89  6:24  Shield Battery, Probe  
  92  6:27  Colossus (Chrono Boost)  
  98  6:39  Gateway  
  98  6:42  Stalker x2  
  98  6:43  Gateway  
  102  6:48  Stalker  
  102  6:50  Probe  
  102  6:52  Pylon  
  102  6:53  Pylon  
  105  7:01  Gateway  
  105  7:04  Gateway, Zealot x2  
  105  7:06  Shield Battery  
  108  7:12  Zealot x3  
  108  7:15  Colossus (Chrono Boost)  
  120  7:28  Zealot x2  
  124  7:31  Pylon  
  124  7:33  Zealot  
  122  7:42  Probe x2  
  122  7:43  Stalker x2  
  124  7:56  Nexus  
  124  7:57  Zealot x3  
  119  8:10  Zealot x2  
  119  8:12  Probe  
  118  8:20  Protoss Ground Weapons Level 2 (Chrono Boost)  
  118  8:24  Probe  
  118  8:25  Warp Prism (Chrono Boost)  
  118  8:26  Probe x2  
  127  8:33  Pylon  
  123  8:35  Pylon  
  123  8:38  Pylon  
  123  8:39  Zealot x5  
  133  8:43  Photon Cannon  
  133  8:46  Shield Battery  
  133  8:51  Pylon, Probe x3  
  136  8:57  Disruptor (Chrono Boost)  
  138  9:03  Probe  
  130  9:13  Zealot x4  
  130  9:14  Zealot x4  
  130  9:15  Probe x2  
  148  9:17  Probe  
  148  9:20  Forge  
  149  9:25  Robotics Facility  
  149  9:28  Disruptor  
  153  9:32  Probe x3  
  153  9:36  Pylon  
  144  9:49  Stalker x4  
  152  9:56  Shield Battery  
  152  9:58  Zealot x2  
  152  9:59  Shield Battery  
  156  10:03  Zealot x2  
  164  10:07  Protoss Ground Armor Level 1 (Chrono Boost)  
  164  10:11  Disruptor (Chrono Boost)  
  164  10:12  Photon Cannon  
  164  10:13  Pylon  
  164  10:18  Zealot x3  
  170  10:21  Disruptor (Chrono Boost)  
  170  10:23  Pylon  
  170  10:26  Pylon  
  172  10:31  Probe  
  172  10:35  Zealot x4  
  177  10:38  Protoss Ground Weapons Level 3 (Chrono Boost)  
  177  10:39  Disruptor (Chrono Boost), Zealot x2  
  186  10:52  Pylon  
  190  10:59  Disruptor (Chrono Boost)  
  190  11:02  Zealot x4  
  198  11:05  Pylon  
  198  11:06  Warp Prism (Chrono Boost)  
  198  11:10  Pylon  
  175  11:21  Zealot x5  
  175  11:25  Zealot x4  
  173  11:38  Warp Prism  
  161  11:40  Disruptor  
  161  11:46  Zealot x6  
  161  11:47  Zealot x3  
  169  11:49  Protoss Ground Armor Level 2 (Chrono Boost)  
  155  12:09  Nexus  
  155  12:11  Zealot x7  
  155  12:14  Observer  
  170  12:18  Probe x2  
  170  12:19  Probe  
  173  12:27  Dark Shrine  
  173  12:28  Zealot x2  
  177  12:32  Zealot x4  
  177  12:35  Zealot x2  
  189  12:42  Gateway  
  189  12:44  Gateway  
  189  12:48  Zealot x3  
  195  12:53  Protoss Shields Level 1 (Chrono Boost)  
  189  12:59  Zealot x5  
  189  13:00  Probe  
  200  13:09  Shield Battery  
  200  13:18  Gateway  
  200  13:19  Gateway  
  200  13:23  Gateway  
  200  13:25  Gateway  
  200  13:28  Gateway  
  200  13:31  Gateway  
  200  13:38  Gateway  
  200  13:41  Gateway  
  200  13:43  Gateway  
  196  13:48  Protoss Ground Armor Level 3 (Chrono Boost)  
  196  13:51  Pylon  
  196  13:52  Zealot x3  
  200  14:00  Zealot  
  200  14:01  Zealot  
  188  14:11  Zealot, Dark Templar x2  
  188  14:12  Zealot x2  
  182  14:18  Stalker x6  
  182  14:21  Probe  
  182  14:24  Nexus  
  189  14:31  Stalker x4  
  189  14:32  Stalker  
  197  14:39  Pylon  
  197  14:40  Zealot  
  199  14:49  Nexus  
  197  14:56  Zealot  
  192  15:23  Zealot x4  
  184  15:29  Zealot x8  
  184  15:32  Disruptor  
  184  15:34  Zealot x6  
  176  15:45  Probe  
  176  15:46  Probe  
  176  15:48  Stalker x4  
  176  15:49  Stalker x2  
  189  16:02  Zealot x6  
  181  16:14  Zealot x6  
Tags
 
Add a new tag
Caveats
  • Supply blocks, unpowered buildings, or Contaminate may cause inaccurate times.
  • Supply counts are checked every 10 seconds.